 Dungeon Crawl Stone Soup version 0.30-a0-4-ga7cffc901d (webtiles) character file.

Game seed: 3537253921124183593

6432 Pilot the Cudgeller (level 10, -9/98 HPs)
             Began as a Troll Berserker on Aug 20, 2022.
             Was an Elder of Trog.
             Mangled by a sixfirhy (10 damage)
             ... on level 8 of the Dungeon.
             The game lasted 01:23:32 (8682 turns).

Pilot the Cudgeller (Troll Berserker)               Turns: 8682, Time: 01:23:33

Health: -9/98      AC:  8    Str: 27    XL:     10   Next: 67%
Magic:  9/9        EV: 12    Int:  3    God:    Trog [****..]
Gold:   168        SH:  5    Dex: 13    Spells: 9/9 levels left

rFire   . . .      SeeInvis .    C - +2 hammer (protect)
rCold   + . .      Faith    .    (no shield)
rNeg    . . .      Spirit   .    S - +0 steam dragon scales
rPois   .          Reflect  +    (helmet restricted)
rElec   .          Harm     .    B - +0 cloak
rCorr   .          Rampage  .    (gloves unavailable)
Will    +....                    (boots unavailable)
Stlth   ++........               G - amulet of reflection
HPRegen 1.06/turn                Q - ring of willpower
MPRegen 0.11/turn                R - ring of protection from cold

@: no status effects
A: large, unfitting armour, claws 3, regeneration 1, shaggy fur 1, tough skin 1
a: Renounce Religion, Berserk, Trog's Hand, Brothers in Arms


You were on level 8 of the Dungeon.
You worshipped Trog.
Trog was greatly pleased with you.
You visited 1 branch of the dungeon, and saw 10 of its levels.

You collected 468 gold pieces.
You spent 300 gold pieces at shops.

Inventory:

Hand Weapons
 n - a +1 vampiric rapier
 u - a +0 sling
 y - a +0 shortbow
 A - a +4 quarterstaff of chaos
 C - a +2 hammer of protection (weapon)
 D - a +4 long sword
 H - a +0 hand axe
 J - a +3 long sword of freezing
 K - a +2 trident of freezing
 N - a +2 battleaxe
 O - a +4 halberd of freezing
 T - a +0 glaive of venom
Missiles
 b - 54 stones (quivered)
 d - 22 poisoned darts
 m - 5 boomerangs
 s - 2 throwing nets
 w - 2 curare-tipped darts
 P - 3 javelins
Armour
 a - a +0 animal skin
 e - a +0 robe of fire resistance
 h - a +0 robe
 B - a +0 cloak (worn)
 S - +0 steam dragon scales (worn)
Jewellery
 G - an amulet of reflection (around neck)
 Q - a ring of willpower (left claw)
 R - a ring of protection from cold (right claw)
Wands
 l - a wand of charming (27)
Scrolls
 f - 3 scrolls of vulnerability {unknown}
 g - 5 scrolls of identify {unknown}
 i - a scroll of enchant weapon {unknown}
 j - 2 scrolls of immolation {unknown}
 p - 2 scrolls of butterflies {unknown}
 r - 2 scrolls of summoning {unknown}
 v - a scroll of poison {unknown}
 z - a scroll of enchant armour {unknown}
 E - a scroll of acquirement {unknown}
 F - 4 scrolls of teleportation
 I - 3 scrolls of fear {unknown}
 M - a scroll of blinking {unknown}
Potions
 c - 3 potions of lignification {unknown}
 k - a potion of curing
 o - 2 potions of attraction {unknown}
 q - 2 potions of invisibility {unknown}
 t - 3 potions of degeneration {unknown}
 x - 2 potions of might {unknown}
 L - 2 potions of cancellation


   Skills:
 + Level 6.1 Fighting
 + Level 7.7 Maces & Flails
 + Level 4.1 Throwing
 + Level 6.6 Dodging
 + Level 2.3 Stealth
 + Level 3.6 Shields
 + Level 6.7 Unarmed Combat


You had 9 spell levels left.
You didn't know any spells.
Your spell library contained the following spells:

 Spells                   Type           Power      Damage    Failure   Level
 Hailstorm                Conj/Ice       0%         3d3       99%         4
 Iron Shot                Conj/Erth      0%         9d1       100%        6
 Statue Form              Tmut/Erth      0%         N/A       100%        6


Dungeon Overview and Level Annotations

Branches:
Dungeon (10/15)            Temple (0/1) D:6
   Lair: D:8-11         Orc: D:9-12

Altars:
Ashenzari
Dithmenos
Elyvilon
Gozag
Kikubaaqudgha
Ru
Sif Muna
Wu Jian
Xom

Shops:
D:2 :   D:4 =   D:7 [


Innate Abilities, Weirdness & Mutations

You are too large for most types of armour.
You have claws for hands.
Your natural rate of healing is unusually fast.
You are covered in fur. (AC +1)
You have tough skin. (AC +1)


Message History

You feel strangely unstable.
It was a scroll of teleportation.
Unknown command.
Your surroundings suddenly seem different.
There is a stone staircase leading down here.
There is a stone staircase leading up here.
You see here a +0 hand axe.
You see here a book of Vapours.
There is a stone staircase leading up, spattered with blood here.
As you open the door, it creaks loudly! The sixfirhy hits you!
The sixfirhy shocks you! The sixfirhy closely misses you.
The sixfirhy hits you but does no damage.
You completely miss the sixfirhy. You block the sixfirhy's attack.
The sixfirhy hits you. The sixfirhy shocks you!
You miss the sixfirhy. Your claw misses the sixfirhy. You miss the sixfirhy.
The sixfirhy closely misses you.
You barely miss the sixfirhy. The sixfirhy hits you. The sixfirhy shocks you!
The sixfirhy hits you. The sixfirhy shocks you! The sixfirhy barely misses you.
The sixfirhy hits you.
* * * LOW HITPOINT WARNING * * *
The sixfirhy shocks you!
* * * LOW HITPOINT WARNING * * *
You hit the sixfirhy.
Your weapon exudes an aura of protection.
The sixfirhy is lightly wounded.
The sixfirhy closely misses you. x3
You miss the sixfirhy.
The sixfirhy is lightly wounded.
You barely miss the sixfirhy.
The sixfirhy is lightly wounded.
You barely miss the sixfirhy.
The sixfirhy is lightly wounded.
The sixfirhy completely misses you. The sixfirhy hits you.
* * * LOW HITPOINT WARNING * * *
The sixfirhy shocks you!
* * * LOW HITPOINT WARNING * * *
The sixfirhy hits you!
* * * LOW HITPOINT WARNING * * *
The sixfirhy shocks you!
You die...

#....##..........##
##.#
##.#########.######
#..# ...# #.# #.##
###### #.# #.#
.....## #.# #.#
####..# #.# ##.# #
##.### #.## #..# #
#...####..#######.##
#
###...###...@..#..#
# ##....#
#..#3#...## #..####
#..#$#..## #.##
#..###..########
##.#
#.^.....##.....##
###..#
#...............##
##...##
#....<...........#
##.###
#................#
<...#####
#................#


You could see a sixfirhy.

Vanquished Creatures
  Joseph (D:7)
  Maggie (D:8)
  A gargoyle (D:7)
  A kobold demonologist (D:10)
  Psyche (D:9)
  A troll (D:8)
  Prince Ribbit (D:5)
  A wyvern (D:9)
  6 yaks (D:9)
  2 steam dragons
  2 water moccasins
  2 orc warriors
  An ice beast (D:7)
  A sky beast (D:6)
  2 ogres
  2 centaurs
  A phantom (D:6)
  3 bullfrogs
  A kobold brigand (D:9)
  A necrophage (D:7)
  5 scorpions
  14 wights
  A killer bee (D:9)
  3 howler monkeys (D:7)
  2 hounds
  3 jellies
  Crazy Yiuf (D:4)
  5 orc priests
  Ijyb (D:5)
  2 iguanas
  5 orc wizards
  3 gnolls (D:6)
  5 adders
  A shadow imp (D:6)
  A white imp (D:8)
  An ufetubus (D:5)
  A worm (D:5)
  A dart slug (D:1)
  30 orcs
  9 bats
  3 endoplasms
  A giant cockroach (D:3)
  7 hobgoblins
  3 jackals (D:1)
  8 kobolds
  2 quokkas
  6 ball pythons
  A frilled lizard (D:3)
  A goblin (D:1)
  4 rats
162 creatures vanquished.

Vanquished Creatures (others)
  A centaur warrior (D:9)
  A kobold (D:9)
  A quokka (D:6)
  6 plants (D:6)
9 creatures vanquished.

Grand Total: 171 creatures vanquished

Notes
Turn   | Place    | Note
-------+----------+-------------------------------------------
     0 | D:1      | Pilot the Troll Berserker began the quest for the Orb.
     0 | D:1      | Reached XP level 1. HP: 22/22 MP: 0/0
   137 | D:1      | Reached XP level 2. HP: 29/29 MP: 1/1
   811 | D:1      | Reached ** piety under Trog
   994 | D:2      | Got the Encyclopedia of the Telluric Winter
  1027 | D:2      | Reached XP level 3. HP: 36/36 MP: 2/2
  1116 | D:2      | Found a sacrificial altar of Ru.
  1173 | D:2      | You fall into a shaft and drop 1 floor!
  1399 | D:2      | Found Puwn's Book Emporium.
  1895 | D:3      | Found a shimmering altar of Xom.
  1949 | D:3      | Reached XP level 4. HP: 23/44 MP: 3/3
  2087 | D:3      | Found a shadowy altar of Dithmenos.
  2236 | D:4      | Found a broken altar of Ashenzari.
  2330 | D:4      | Found a runed translucent door.
  2331 | D:4      | Noticed Crazy Yiuf
  2605 | D:4      | Found Liutedo's Jewellery Boutique.
  2832 | D:4      | Reached XP level 5. HP: 34/52 MP: 4/4
  3044 | D:5      | Entered Level 5 of the Dungeon
  3187 | D:5      | Noticed a centaur
  3192 | D:5      | Killed a centaur
  3193 | D:5      | Reached skill level 5 in Unarmed Combat
  3193 | D:5      | Reached XP level 6. HP: 37/61 MP: 5/5
  3292 | D:5      | Reached skill level 1 in Stealth
  3365 | D:5      | Found a shimmering blue altar of Sif Muna.
  3434 | D:5      | Noticed Ijyb
  3450 | D:5      | Killed Ijyb
  3518 | D:4      | Killed Crazy Yiuf
  3519 | D:4      | Reached XP level 7. HP: 67/67 MP: 6/6
  3724 | D:5      | Noticed Prince Ribbit
  3847 | D:6      | Found a white marble altar of Elyvilon.
  3890 | D:6      | Reached skill level 1 in Maces & Flails
  4044 | D:5      | Killed Prince Ribbit
  4045 | D:5      | Reached skill level 2 in Maces & Flails
  4045 | D:5      | Reached skill level 1 in Throwing
  4045 | D:5      | Reached XP level 8. HP: 74/78 MP: 7/7
  4184 | D:5      | HP: 1/78 [bullfrog (6)]
  4194 | D:5      | Reached skill level 3 in Maces & Flails
  4469 | D:6      | Reached *** piety under Trog
  4674 | D:4      | Bought an amulet of reflection for 300 gold pieces
  4930 | D:6      | Found a staircase to the Ecumenical Temple.
  4943 | D:6      | Reached skill level 4 in Maces & Flails
  5478 | D:6      | Reached skill level 5 in Dodging
  5478 | D:6      | Reached XP level 9. HP: 64/71 MP: 8/8
  5788 | D:6      | Reached skill level 5 in Maces & Flails
  5938 | D:7      | Reached skill level 1 in Shields
  6038 | D:7      | Reached skill level 5 in Fighting
  6274 | D:7      | Found an ornate altar of the Wu Jian Council.
  6312 | D:7      | Noticed Joseph
  6332 | D:7      | Killed Joseph
  6498 | D:7      | Found Xypur's Antique Armour Shop.
  6522 | D:7      | Reached skill level 6 in Maces & Flails
  6936 | D:7      | Found an ancient bone altar of Kikubaaqudgha.
  7203 | D:8      | Noticed a gargoyle
  7356 | D:8      | Noticed a sixfirhy
  7356 | D:8      | Noticed Maggie
  7356 | D:8      | Found a runed translucent door.
  7481 | D:8      | Killed Maggie
  7799 | D:7      | Killed a gargoyle
  7799 | D:7      | Reached **** piety under Trog
  7800 | D:7      | Reached XP level 10. HP: 50/96 MP: 9/9
  8151 | D:9      | Noticed Psyche
  8180 | D:9      | Killed Psyche
  8214 | D:9      | Reached skill level 7 in Maces & Flails
  8265 | D:9      | Found an opulent altar of Gozag.
  8315 | D:9      | Noticed a smoke demon
  8326 | D:9      | Noticed a smoke demon
  8332 | D:9      | Noticed a smoke demon
  8334 | D:9      | Noticed an orange demon
  8338 | D:10     | Entered Level 10 of the Dungeon
  8461 | D:9      | Noticed a deep elf pyromancer
  8463 | D:9      | Noticed a centaur warrior
  8491 | D:9      | Killed a centaur warrior
  8682 | D:8      | HP: 1/98 [sixfirhy (10)]
  8682 | D:8      | Mangled by a sixfirhy

Illustrated notes

Levels and vault maps discovered:
D:1:      saegor_arrival_simple_a, layout_loops_corners
D:2:      layout_basic, basic_altar, serial_shops, nicolae_shop_window_shopping
D:3:      layout_loops_cross, mainiacjoe_overflow_surrounded_room,
          mainiacjoe_overflow_cross_hatched
D:4:      layout_loops_ring, mainiacjoe_overflow_chevrons, nicolae_hexahallways,
          minmay_shop_enchanted_jewellery, uniq_crazy_yiuf_cottage
D:5:      layout_basic, mainiacjoe_overflow_six_doors_small,
          cheibrodos_sewer_entry_bend, uniq_prince_ribbit1, uniq_ijyb
D:6:      layout_loops_ring, elyvilon_altar_4,
          minmay_temple_entry_gardened_gates, chequers_serial_rivers_small_a
D:7:      layout_basic, marbit_many_paths, nzn_wu_jian_contemplation,
          serial_shops, nicolae_shop_waterfront, hangedman_abyss_or_decor_stabs,
          uniq_joseph
D:8:      cheibrodos_shockbox, layout_rooms, uniq_maggie
D:9:      nzn_winding_woodlands_cross [nzn_winding_woodlands_5x15_pool,
          nzn_winding_woodlands_5x15_pathside_ponds,
          nzn_winding_woodlands_5x15_longhouse,
          nzn_winding_woodlands_5x15_pockets,
          nzn_winding_woodlands_15x15_thick_spiral], layout_irregular_city,
          mainiacjoe_overflow_brackets, hiddenorc2_lemuel, uniq_psyche,
          uniq_maurice
D:10:     layout_roguey [special_room_bee], nicolae_qazlal_eye_of_the_storm,
          dpeg_oklobed_lair

Skill      XL: |  1  2  3  4  5  6  7  8  9 10 |
---------------+-------------------------------+-----
Dodging        | 3 4 5 6 |  6.6
Unarmed Combat | 4 5 6 |  6.7
Fighting       | 3 4 5 6 |  6.1
Stealth        | 1 2 |  2.3
Maces & Flails | 2 4 6 7 |  7.7
Throwing       | 1 3 4 |  4.1
Shields        | 2 3 |  3.6

Action                   |  1- 3 |  4- 6 |  7- 9 | 10-12 || total
-------------------------+-------+-------+-------+-------++-------
Melee: Unarmed           |   123 |    63 |       |       ||   186
       Punch             |     1 |     1 |    12 |     9 ||    23
       Mace              |       |       |   394 |   133 ||   527
Throw: Javelin           |       |     5 |    27 |     6 ||    38
       Stone             |       |     1 |       |     5 ||     6
       Boomerang         |       |       |    15 |       ||    15
       Dart              |       |       |     7 |     2 ||     9
Invok: Trog's Hand       |       |     2 |     2 |       ||     4
Evoke: Wand              |       |       |     1 |       ||     1
  Use: Potion            |       |       |     4 |     1 ||     5
       Scroll            |       |       |       |     1 ||     1
 Stab: Sleeping          |       |     2 |     3 |       ||     5
       Invisible         |       |       |       |     1 ||     1
Armor: Animal skin       |    25 |       |       |       ||    25
       Robe              |    30 |    11 |   119 |       ||   160
       Steam dragon scal |       |       |    20 |    85 ||   105
Dodge: Dodged            |    74 |    36 |   224 |    97 ||   431
Block: Other             |       |       |    71 |    50 ||   121
       Reflection        |       |       |    10 |     4 ||    14

Table legend: (Time is in decaauts)
 A = Elapsed time spent in this place.
 B = Non-inter-level travel time spent in this place.
 C = Inter-level travel time spent in this place.
 D = Time resting spent in this place.
 E = Time spent auto-exploring this place.
 F = Levels seen in this place.
 G = Mean time per level.
                   A        B        C        D        E       F      G
               +--------+--------+--------+--------+--------+-----+--------+
         Total |   8790 |   2554 |   6236 |      0 |      0 |  10 |  879.0 |
       Dungeon |   8790 |   2554 |   6236 |      0 |      0 |  10 |  879.0 |
               +--------+--------+--------+--------+--------+-----+--------+

Top non-repeatable levels by time:
     D:7: 1711 daAuts
     D:5: 1426 daAuts
     D:4: 1254 daAuts
     D:6: 1081 daAuts
     D:1: 979 daAuts
     D:8: 723 daAuts
     D:2: 648 daAuts
     D:3: 594 daAuts
     D:9: 289 daAuts
    D:10: 82 daAuts
